 Dungeon Crawl Stone Soup version 0.32-a0-994-gabb26cbae4 (webtiles) character file.

Game seed: 15373394915415779074

6124 waddelsworth the Severer (level 10, -3/83 HPs)
             Began as a Minotaur Berserker on Apr 22, 2024.
             Was an Elder of Trog.
             Slain by a very large slime creature (15 damage)
             ... on level 9 of the Dungeon.
             The game lasted 00:19:02 (8247 turns).

waddelsworth the Severer (Minotaur Berserker)       Turns: 8247, Time: 00:19:03

Health: -3/83      AC: 21    Str: 24    XL:     10   Next: 59%
Magic:  9/9        EV:  7    Int:  6    God:    Trog [****..]
Gold:   321        SH:  0    Dex: 10    Spells: 9/9 levels left

rFire   . . .        n - +0 war axe
rCold   . . .        (no shield)
rNeg    . . .        m - +0 plate armour
rPois   .            (helmet restricted)
rElec   .            E - +0 cloak
rCorr   .            N - +0 pair of gloves
SInv    +            J - +0 pair of boots
Will    .....        (no amulet) Stlth
                     g - ring of see invisible
HPRegen 0.33/turn    l - +4 ring of protection
MPRegen 0.11/turn

%: no passive effects
@: no status effects
A: horns 2, retaliatory headbutt
a: Renounce Religion, Berserk, Trog's Hand, Brothers in Arms


You were on level 9 of the Dungeon.
You worshipped Trog.
Trog was greatly pleased with you.
You visited 1 branch of the dungeon, and saw 9 of its levels.

You collected 321 gold pieces.

Inventory:

Hand Weapons
 n - a +0 war axe (weapon)
 O - a +1 flail of freezing
Missiles
 r - 5 poisoned darts
 s - 2 javelins (quivered)
Armour
 b - a +0 ring mail of poison resistance
 m - a +0 plate armour (worn)
 x - a +0 chain mail
 E - a +0 cloak (worn)
 J - a +0 pair of boots (worn)
 N - a +0 pair of gloves (worn)
Jewellery
 g - a ring of see invisible (left hand)
 l - a +4 ring of protection (right hand)
 D - a ring of flight
 I - a ring of positive energy
 M - a +5 ring of evasion
Wands
 y - a wand of flame (21)
 z - a wand of charming (14)
 A - a wand of acid (12)
 K - a wand of digging (4)
Scrolls
 c - 3 scrolls of enchant weapon {unknown}
 d - 2 scrolls of blinking {unknown}
 f - a scroll of teleportation {unknown}
 h - a scroll of fog {unknown}
 i - 2 scrolls of revelation {unknown}
 j - a scroll of amnesia {unknown}
 k - 2 scrolls of fear {unknown}
 w - a scroll of enchant armour {unknown}
 C - 4 scrolls of identify
 F - a scroll of immolation {unknown}
 H - a scroll of vulnerability {unknown}
 L - a scroll of butterflies {unknown}
Potions
 a - 2 potions of lignification
 e - a potion of curing
 o - a potion of degeneration {unknown}
 p - 3 potions of might
 q - a potion of mutation {unknown}
 u - a potion of enlightenment {unknown}
 v - 2 potions of berserk rage {unknown}
 B - a potion of resistance {unknown}
 G - a potion of magic {unknown}
 P - a potion of attraction {unknown}
Miscellaneous
 t - a condenser vane


   Skills:
 + Level 5.9 Fighting
 - Level 16.0 Axes
 - Level 8.0 Armour
 - Level 3.0 Dodging
 - Level 4.0 Evocations


You had 9 spell levels left.
You didn't know any spells.
Your spell library was empty.

Dungeon Overview and Level Annotations

Branches:
Dungeon (9/15)             Temple (0/1) D:7            Lair (0/5) D:8
    Orc: D:9-12

Altars:
Elyvilon
Makhleb
Wu Jian
The Shining One

Shops:
D:6 (


Innate Abilities, Weirdness & Mutations

You have a pair of horns on your head.
You reflexively headbutt those who attack you in melee.


Message History

You slash the slime creature!
You kill the slime creature!
Trog accepts your kill.
No target in view!
The large slime creature quivers.
Two slime creatures merge to form a large slime creature.
You slice the large slime creature!!
The large slime creature is lightly wounded.
You slice the large slime creature!! You headbutt the large slime creature!
The large slime creature is moderately wounded.
The large slime creature hits you!
You slice the large slime creature!!
The large slime creature is heavily wounded.
The large slime creature barely misses you.
You slash the large slime creature!
The large slime creature is severely wounded.
You barely miss the large slime creature.
The large slime creature is severely wounded.
The large slime creature hits you!!
You are too injured to fight recklessly!
You slash the large slime creature!
The large slime creature is severely wounded.
Two slime creatures merge to form a very large slime creature.
You slash the very large slime creature!
The very large slime creature is heavily wounded.
You slash the very large slime creature!
You headbutt the very large slime creature.
The very large slime creature is heavily wounded.
You slice the very large slime creature!!
You headbutt the very large slime creature.
The very large slime creature is severely wounded.
The very large slime creature closely misses you.
You hit the very large slime creature.
You headbutt the very large slime creature.
The very large slime creature is severely wounded.
The very large slime creature hits you!!!
* * * LOW HITPOINT WARNING * * *
Okay, then.
You feel better. The very large slime creature hits you!
You die...

..##.###########.####.#
..##.# #.# #.# ..##.#
#.# #.# ..'..# #.# #.#
..#### #.# #.# ..#
########.# #.# .##
..J......# #.# .#
########J.# #.# .#
.........@# #.# .#
#########.####.# .#
#............# .#
#.#####.###### .# #.#
.# #.# .# #.# # #.# #.#


You could see a very large slime creature.

Vanquished Creatures
  Pikel (D:6)
  Joseph (D:7)
  Jeremiah (D:6)
  Prince Ribbit (D:5)
  Grinder (D:6)
  2 hornets (D:8)
  A slime creature (D:9)
  Sigmund (D:5)
  A wyvern (D:7)
  A shadow (D:8)
  3 yaks (D:9)
  A steam dragon (D:9)
  Menkaure (D:5)
  2 water moccasins
  Pargi (D:3)
  2 sky beasts (D:7)
  2 ogres
  6 centaurs
  2 lemures (D:6)
  A phantom (D:5)
  2 bullfrogs
  3 wights (D:9)
  3 scorpions
  6 killer bees (D:8)
  3 bombardier beetles
  A howler monkey (D:9)
  4 jellies
  A hound (D:4)
  4 orc priests
  Jessica (D:2)
  Ijyb (D:5)
  4 iguanas
  8 orc wizards
  6 gnolls
  9 adders
  A shadow imp (D:6)
  A white imp (D:6)
  2 ufetubi (D:6)
  3 dart slugs
  25 orcs
  7 endoplasms
  2 giant cockroaches
  4 hobgoblins
  9 jackals
  6 quokkas
  6 ball pythons
  7 bats
  2 frilled lizards (D:1)
  7 goblins
  5 kobolds
  8 rats
  A spectral hobgoblin (D:2)
184 creatures vanquished.

Vanquished Creatures (collateral kills)
  An orc warrior (D:8)
  An orc priest (D:6)
  An orc wizard (D:6)
  3 orcs (D:6)
6 creatures vanquished.

Grand Total: 190 creatures vanquished

Notes
Turn   | Place    | Note
-------+----------+-------------------------------------------
     0 | D:1      | waddelsworth the Minotaur Berserker began the quest for the
                  | Orb.
     0 | D:1      | Reached XP level 1. HP: 19/19 MP: 0/0
    52 | D:1      | Reached XP level 2. HP: 23/27 MP: 1/1
   275 | D:1      | Reached skill level 4 in Axes
   391 | D:1      | Reached ** piety under Trog
   664 | D:1      | Reached XP level 3. HP: 33/33 MP: 2/2
   929 | D:2      | Found a faded altar of an unknown god.
  1269 | D:2      | Found a burning altar of Makhleb.
  1486 | D:2      | Noticed Jessica
  1501 | D:2      | Killed Jessica
  1502 | D:2      | Reached skill level 5 in Axes
  1502 | D:2      | Reached XP level 4. HP: 37/40 MP: 3/3
  1910 | D:3      | Noticed Pargi
  1923 | D:3      | Killed Pargi
  1924 | D:3      | Reached skill level 6 in Axes
  1924 | D:3      | Reached XP level 5. HP: 32/46 MP: 4/4
  2166 | D:3      | Reached XP level 6. HP: 48/52 MP: 5/5
  2272 | D:3      | Reached skill level 5 in Armour
  2278 | D:3      | Reached *** piety under Trog
  2286 | D:3      | Reached skill level 7 in Axes
  2939 | D:4      | Reached skill level 8 in Axes
  2958 | D:4      | Reached XP level 7. HP: 59/59 MP: 6/6
  3439 | D:5      | Entered Level 5 of the Dungeon
  3594 | D:5      | Noticed Prince Ribbit
  3817 | D:5      | Killed Prince Ribbit
  3818 | D:5      | Reached skill level 9 in Axes
  3904 | D:5      | Noticed Menkaure
  3925 | D:5      | Killed Menkaure
  3926 | D:5      | Reached skill level 10 in Axes
  3926 | D:5      | Noticed Sigmund
  4049 | D:5      | Killed Sigmund
  4050 | D:5      | Reached XP level 8. HP: 50/66 MP: 7/7
  4117 | D:5      | Reached skill level 11 in Axes
  4283 | D:5      | Found an ornate altar of the Wu Jian Council.
  4505 | D:5      | Noticed Ijyb
  4536 | D:5      | Killed Ijyb
  4537 | D:5      | Reached skill level 12 in Axes
  5054 | D:6      | Noticed Grinder
  5060 | D:6      | Paralysed by Grinder for 2 turns
  5065 | D:6      | Killed Grinder
  5066 | D:6      | Reached skill level 13 in Axes
  5209 | D:6      | Reached XP level 9. HP: 67/71 MP: 8/8
  5232 | D:6      | Reached **** piety under Trog
  5331 | D:6      | Noticed Pikel
  5354 | D:6      | Killed Pikel
  5355 | D:6      | Reached skill level 14 in Axes
  5448 | D:6      | Found Pebb's Hydra Hut.
  5453 | D:6      | Noticed a five-headed hydra
  5454 | D:6      | Noticed Jeremiah
  5480 | D:6      | Killed Jeremiah
  5747 | D:7      | Found a glowing golden altar of the Shining One.
  5801 | D:7      | Reached skill level 15 in Axes
  5877 | D:7      | Noticed Joseph
  5901 | D:7      | Killed Joseph
  6249 | D:7      | Found a staircase to the Ecumenical Temple.
  6297 | D:7      | Reached skill level 16 in Axes
  6460 | D:7      | Reached XP level 10. HP: 64/78 MP: 9/9
  6891 | D:8      | Found a white marble altar of Elyvilon.
  7159 | D:8      | Reached skill level 1 in Evocations
  7274 | D:8      | Found a staircase to the Lair.
  7797 | D:9      | Reached skill level 5 in Fighting
  8246 | D:9      | HP: 1/83 [very large slime creature (41)]
  8247 | D:9      | Slain by a very large slime creature

Illustrated notes

Levels and vault maps discovered:
D:1:      tekkud_arrival_beachfront_property, layout_basic
D:2:      cheibrodos_old_hovel, layout_basic,
          dreamdust_ecumenical_altar_drowned_temple, basic_altar,
          chequers_serial_rivers_small_3, hex_medium, minmay_misc_feat_alley,
          minmay_statues_item, uniq_jessica
D:3:      layout_loops_ring, uniq_pargi
D:4:      layout_loops_cross, minmay_misc_feat_iff, minmay_checkerbox
D:5:      layout_gridville, general_overflow_altar, dreamdust_mushroom_princess,
          uniq_prince_ribbit1, uniq_sigmund, uniq_menkaure, uniq_ijyb
D:6:      layout_loops_ring, doesnt_shop_hydraphobe, uniq_grinder,
          uniq_jeremiah, uniq_pikel
D:7:      layout_rooms, mainiacjoe_overflow_six_doors_small,
          minmay_temple_entry_hall, uniq_joseph
D:8:      layout_basic, elyvilon_altar_5, lair_entry_dummy
D:9:      layout_basic, kennysheep_generic_room_4, uniq_psyche

Skill      XL: |  1  2  3  4  5  6  7  8  9 10 |
---------------+-------------------------------+-----
Fighting       | 4 5 |  5.9
Axes           | 4 5 6 8 10 13 16 | 16.0
Armour         | 3 4 5 6 8 |  8.0
Dodging        | 3 |  3.0
Evocations     | 4 |  4.0

Action                     |  1- 3 |  4- 6 |  7- 9 | 10-12 || total
---------------------------+-------+-------+-------+-------++-------
  Melee: Hand axe          |    65 |       |       |       ||    65
         Headbutt          |     8 |    12 |    48 |    29 ||    97
         War axe           |    18 |    77 |   319 |   143 ||   557
 Invoke: Berserk           |       |       |     1 |       ||     1
         Brothers in Arms  |       |       |     1 |     1 ||     2
    Use: Scroll            |       |       |     3 |       ||     3
         Potion            |       |       |     1 |     1 ||     2
 Armour: Animal skin       |    37 |       |       |       ||    37
         Plate armour      |    16 |   103 |   223 |   116 ||   458
  Dodge: Dodged            |    34 |    29 |    82 |    52 ||   197

Table legend: (Time is in decaauts)
 A = Elapsed time spent in this place.
 B = Non-inter-level travel time spent in this place.
 C = Inter-level travel time spent in this place.
 D = Time resting spent in this place.
 E = Time spent auto-exploring this place.
 F = Levels seen in this place.
 G = Mean time per level.
                   A        B        C        D        E       F      G
               +--------+--------+--------+--------+--------+-----+--------+
         Total |   8216 |   7942 |    274 |   1352 |   5256 |   9 |  912.9 |
       Dungeon |   8216 |   7942 |    274 |   1352 |   5256 |   9 |  912.9 |
               +--------+--------+--------+--------+--------+-----+--------+

Top non-repeatable levels by time:
     D:3: 1182 daAuts
     D:5: 1094 daAuts
     D:8: 971 daAuts
     D:6: 931 daAuts
     D:1: 884 daAuts
     D:4: 872 daAuts
     D:7: 838 daAuts
     D:2: 802 daAuts
     D:9: 638 daAuts
